 Dungeon Crawl Stone Soup version 0.30-a0-459-g9104f0fc43 (webtiles) character file.

Game seed: 12591724982336188891

81 Raultor the Slasher (level 4, -3/30 HPs)
             Began as an Octopode Gladiator on Dec 15, 2022.
             Slain by a worm (7 damage)
             ... on level 2 of the Dungeon.
             The game lasted 00:02:08 (1310 turns).

Raultor the Slasher (Octopode Gladiator)            Turns: 1310, Time: 00:02:09

Health: -3/30      AC:  1    Str: 13    XL:     4   Next: 40%
Magic:  4/4        EV: 14    Int: 10    God:
Gold:   110        SH:  0    Dex: 15    Spells: 3/3 levels left

rFire   + . .      SeeInvis .    a - +0 long sword
rCold   . . .      Faith    .    (no shield)
rNeg    . . .      Spirit   .    b - +0 hat
rPois   .          Reflect  .    (no amulet)
rElec   .          Harm     .    F - ring of protection from fire
rCorr   .          Rampage  .    (no ring)
Will    .....                    (no ring)
Stlth   ++........               (no ring)
HPRegen 0.25/turn                (no ring)
MPRegen 0.09/turn                (no ring)
                                 (no ring)
                                 (no ring)

@: lethally poisoned (-3 -> -5), flying
A: almost no armour, amphibious, 8 rings, camouflage 1, gelatinous body 1,
(nimble swimmer 1), tentacles
a: no special abilities


You were on level 2 of the Dungeon.
You visited 1 branch of the dungeon, and saw 2 of its levels.

You collected 110 gold pieces.


Innate Abilities, Weirdness & Mutations

You cannot wear most types of armour.
You are amphibious.
You can wear up to eight rings at the same time.
Your skin changes colour to match your surroundings (Stealth+).
Your rubbery body absorbs attacks. (AC +1, EV +1)
((You are camouflaged when in or above water. (Stealth+)))
You have tentacles for arms and can constrict up to eight enemies at once.


   Skills:
 + Level 2.8 Fighting
 * Level 4.2 Long Blades
 - Level 2.0 Throwing
 + Level 3.5 Dodging


You had 3 spell levels left.
You didn't know any spells.
Your spell library was empty.

Inventory:

Hand Weapons
 a - a +0 long sword (weapon)
Missiles
 c - 3 throwing nets (quivered) {=f}
 d - a javelin
Armour
 b - a +0 hat (worn)
Jewellery
 F - a ring of protection from fire (left tentacle)
Scrolls
 f - 2 scrolls of enchant armour {unknown}
 g - a scroll of fog {unknown}
 h - a scroll of teleportation {unknown}
 j - a scroll of identify {unknown}
 l - 2 scrolls of blinking {unknown}
Potions
 e - 2 potions of brilliance {unknown}
 k - 2 potions of flight

Dungeon Overview and Level Annotations

Branches:
Dungeon (2/15)

Altars:
Dithmenos

##.#.##########
#..#.# ###'####
##~~.~~~###
##~~....~†~##
#~~.......~~#
#~.........~~#
#~...▓▓▓▓▓..~#
#~..⌠@w..▓..~~#
#~...▓.⌠.▓...~#
#~~..▓....⌠..~#
##~..▓▓▓▓▓...~#
#~~.. ..~#
##~~. ~ ##~~ ##


You could see a worm.


Message History

You kill the adder!
You feel sick. The adder bites you.
You are more poisoned.
The adder poisons you!
You closely miss the adder. You grab the adder. You constrict the adder.
You feel sick. The adder misses you. The adder bites you.
* * * LOW HITPOINT WARNING * * *
You hit the adder.
The adder is moderately wounded.
You constrict the adder.
You feel sick. The adder bites you.
* * * LOW HITPOINT WARNING * * *
You are more poisoned.
The adder poisons you!
It was a potion of flight.
You feel very buoyant.
You fly up into the air.
You constrict the adder.
* * * LOW HITPOINT WARNING * * *
You feel sick. The adder closely misses you. The adder misses you.
It was a potion of magic.
Magic courses through your body.
You constrict the adder.
* * * LOW HITPOINT WARNING * * *
You feel sick. The adder closely misses you.
You hit the adder.
You kill the adder!
You feel sick.
You feel sick. The worm misses you.
You slash the worm! You grab the worm.
The worm is heavily wounded.
You constrict the worm.
You feel sick. The worm bites you!
You die...

Skill      XL: |  1  2  3 |
---------------+----------+-----
Long Blades    | 4 |  4.2
Fighting       | |  2.8
Throwing       | |  2.0
Dodging        | |  3.5

Action                   |  1- 3 |  4- 6 || total
-------------------------+-------+-------++-------
Melee: Long sword        |    67 |     7 ||    74
       Constrict         |    20 |     2 ||    22
       Tentacles         |     7 |     1 ||     8
       Punch             |     1 |       ||     1
  Use: Potion            |       |     2 ||     2
 Stab: Sleeping          |     7 |       ||     7
Armor: Skin              |     5 |       ||     5
Dodge: Dodged            |    46 |     9 ||    55

Levels and vault maps discovered:
D:1:      dpeg_arrival_erosion, layout_basic, ebering_ecumenical_altar_petrified
D:2:      layout_loops_ring, basic_altar, kennysheep_potato,
          uniq_crazy_yiuf_cottage

Notes
Turn   | Place    | Note
-------+----------+-------------------------------------------
     0 | D:1      | Raultor the Octopode Gladiator began the quest for the Orb.
     0 | D:1      | Reached XP level 1. HP: 14/14 MP: 1/1
    81 | D:1      | Reached XP level 2. HP: 14/19 MP: 2/2
   363 | D:1      | You fall into a shaft and drop 1 floor!
   370 | D:2      | Found a shadowy altar of Dithmenos.
   615 | D:2      | Reached XP level 3. HP: 21/25 MP: 3/3
   686 | D:1      | Found a faded altar of an unknown god.
  1301 | D:2      | Reached skill level 4 in Long Blades
  1301 | D:2      | Reached XP level 4. HP: 29/30 MP: 4/4
  1310 | D:2      | Slain by a worm

Vanquished Creatures
  5 adders (D:2)
  A dart slug (D:2)
  4 ball pythons (D:1)
  2 endoplasms
  3 giant cockroaches
  3 goblins (D:1)
  4 hobgoblins (D:1)
  A quokka (D:1)
  A bat (D:1)
  4 frilled lizards
  3 kobolds
  4 rats
35 creatures vanquished.

Table legend: (Time is in decaauts)
 A = Elapsed time spent in this place.
 B = Non-inter-level travel time spent in this place.
 C = Inter-level travel time spent in this place.
 D = Time resting spent in this place.
 E = Time spent auto-exploring this place.
 F = Levels seen in this place.
 G = Mean time per level.
                   A        B        C        D        E       F      G
               +--------+--------+--------+--------+--------+-----+--------+
         Total |   1325 |   1299 |     26 |      0 |   1058 |   2 |  662.5 |
       Dungeon |   1325 |   1299 |     26 |      0 |   1058 |   2 |  662.5 |
               +--------+--------+--------+--------+--------+-----+--------+

Top non-repeatable levels by time:
     D:1: 972 daAuts
     D:2: 353 daAuts

Table legend:
 A = Non-vault XP
 B = Vault XP
 C = Vault XP percentage of total XP
 D = Non-vault monster count
 E = Vault monster count
 F = Vault count percentage of total count
                 A         B        C        D         E       F
            +---------+---------+-------+---------+---------+-------
      Total |      90 |      26 |  22.4 |      33 |       2 |   5.7
            +---------+---------+-------+---------+---------+-------
        D:1 |      33 |       0 |   0.0 |      21 |       0 |   0.0
        D:2 |      57 |      26 |  31.3 |      12 |       2 |  14.3
            +---------+---------+-------+---------+---------+-------
